AoeStats
← mackie3010

Black Forest

505890130Analyzed
1v1 RM · 20d ago on Sep 11, 2026· 43m 42s· 2 players
Game mode
Random Map
Map size
Tiny (2 player)
Population
200
Speed
Normal
Resources
Standard
Victory
Conquest
Starting age
Dark Age
Ending age
Imperial Age
RankedLock teamsTeams togetherTeam positionsShared explorationLock speedFull tech treeHidden civsTurbo modeCheats
Victory
Defeat
🇺🇸 Gurjaras · United States
209
+16
🇬🇧 Bohemians · United Kingdom
204
-16
hasan78435
0:44 Loom
28:57 Feudal Age
30:49 Arson
31:21 Town Watch
35:17 Wheelbarrow
mackie3010
8:29 Loom
20:35 Feudal Age
20:39 Man-at-Arms
22:19 Wheelbarrow
22:48 Double-Bit Axe
25:05 Forging
28:40 Scale Mail Armor
30:12 Fletching
36:03 Castle Age
36:20 Town Watch
36:36 Long Swordsman
37:34 Bow Saw
37:09 Horse Collar
38:14 Ballistics
37:36 Treadmill Crane
39:09 Iron Casting
40:12 Chain Mail Armor
40:30 Heavy Plow
42:18 Devotion
Connection lost

Rejoining the realm…

Still unreachable

The connection could not be restored.

Session expired

The server has moved on; the page needs a fresh start.